 Dungeon Crawl Stone Soup version 0.30-a0-949-g53dc5368d7 (webtiles) character file.

Game seed: 146096587801952085

387 NotreDorf the Poker (level 6, 0/50 HPs)
             Began as a Merfolk Monk on Mar 27, 2023.
             Asphyxiated
             ... on level 3 of the Dungeon.
             The game lasted 00:13:36 (2389 turns).

NotreDorf the Poker (Merfolk Monk)                  Turns: 2389, Time: 00:13:38

Health: 0/50       AC:  4    Str: 13    XL:     6   Next: 78%
Magic:  6/6        EV: 14    Int: 10    God:
Gold:   159        SH:  0    Dex: 16    Spells: 5/5 levels left

rFire   . . .      SeeInvis .    r - +0 trident
rCold   . . .      Faith    .    (no shield)
rNeg    . . .      Spirit   .    s - +0 leather armour
rPois   .          Reflect  .    h - +0 helmet
rElec   .          Rampage  .    (no cloak)
rCorr   .                        (no gloves)
Will    .....                    (no boots)
Stlth   +++                      (no amulet)
HPRegen 0.28/turn                (no ring)
MPRegen 0.10/turn                (no ring)

@: lethally poisoned (0 -> -6)
A: (nimble swimmer 2), mertail
a: no special abilities


You were on level 3 of the Dungeon.
You visited 1 branch of the dungeon, and saw 3 of its levels.

You collected 159 gold pieces.

Inventory:

Hand Weapons
 r - a +0 trident (weapon)
Armour
 h - a +0 helmet (worn)
 s - a +0 leather armour (worn)
Magical Staves
 k - the staff of earth "Wibe Qec" {Str+3 Stlth+}
   (You found it on level 2 of the Dungeon)

   [staff of earth]

   Base accuracy: +5 Base damage: 5 Base attack delay: 1.2 This weapon's minimum
   attack delay (0.6) is reached at skill level 12.
   Str:       It affects your strength (+3).
   Stlth:     It makes you more stealthy.
   It falls into the 'Staves' category.
   It is a one-handed weapon.
Scrolls
 d - a scroll of fear {unknown}
 e - a scroll of poison {unknown}
 f - a scroll of fog {unknown}
 g - a scroll of blinking
 i - a scroll of torment {unknown}
 l - a scroll of enchant weapon {unknown}
 p - a scroll of immolation {unknown}
Potions
 c - a potion of ambrosia
 j - 2 potions of might {unknown}
 m - a potion of magic {unknown}
 n - a potion of invisibility {unknown}
 o - 2 potions of flight {unknown}
 q - 2 potions of brilliance {unknown}


   Skills:
 + Level 4.9 Fighting
 + Level 6.0 Polearms
 + Level 5.9 Dodging
 + Level 4.4 Stealth


You had 5 spell levels left.
You didn't know any spells.
Your spell library was empty.

Dungeon Overview and Level Annotations

Branches:
Dungeon (3/15)

Altars:


Innate Abilities, Weirdness & Mutations

((You are very nimble when in or above water. (Stealth+, EV+, Speed+++)))
Your lower body shifts to a powerful aquatic tail in water.


Message History

You puncture the orc!
You kill the orc!
You are too injured to fight recklessly!
You are too injured to fight recklessly!
Reach: r) +0 trident
Press: ? - help, Dir - move target, f - gnoll
Aim: a gnoll, wielding a +0 heavy spear (about 32% to evade your +0 trident)
You reach to attack!
You closely miss the gnoll. The gnoll misses you.
Reach: r) +0 trident
Press: ? - help, Dir - move target, f/p - gnoll
Aim: a gnoll, wielding a +0 heavy spear (about 32% to evade your +0 trident)
You reach to attack!
You hit the gnoll.
The gnoll is lightly wounded.
The gnoll hits you from afar with a +0 heavy spear!
* * * LOW HITPOINT WARNING * * *
Reach: r) +0 trident
Press: ? - help, Dir - move target, f/p - gnoll
Aim: a gnoll, wielding a +0 heavy spear (lightly wounded, about 32% to evade your +0 trident)
You reach to attack!
You hit the gnoll.
The gnoll is moderately wounded.
Unknown command.
Reach: r) +0 trident
Press: ? - help, Dir - move target, f/p - gnoll
Aim: a gnoll, wielding a +0 heavy spear (moderately wounded, about 32% to evade your +0 trident)
You reach to attack!
You hit the gnoll.
The gnoll is heavily wounded.
The gnoll hits you from afar with a +0 heavy spear!
* * * LOW HITPOINT WARNING * * *
Blink to where?
Press: ? - help, Dir - move target, p - gnoll
As you read the scroll labelled QIFYFI HE HUHACK, it crumbles to dust.
It was a scroll of blinking.
The kobold brigand barely misses you.
There is a huge open gate here.
The kobold brigand attacks as you move away!
The kobold brigand closely misses you.
The kobold brigand throws a curare-tipped dart.
The curare-tipped dart hits you.
You are lethally poisoned!
You have difficulty breathing.
You die...

............)....# #.#.~
........)........' #.~
.................' #)≈
#############''##############.#.~
..#..#######....#######.....#.#.~
..)..'.....'....g.).§.))....#.#.~
..#..#######...K#######.....#'###
############''''#############...#
...............)@.).........#...#
~≈≈~~~~≈~~≈~....~≈)~~~~~~≈)≈#####
≈≈≈≈≈≈≈≈≈≈≈~.^..~≈≈≈~≈≈≈≈≈≈≈≈≈≈≈≈
~~~~~~~~~≈~[....~≈~~~~≈~~~~)≈~~≈≈
.................................
..............######.............
.......##......# ##.#...##.#####
######÷#####...####.....###.####.
#.#######..........###.#....


You could see a kobold brigand.

Vanquished Creatures
  2 howler monkeys (D:3)
  An orc priest (D:3)
  A hound (D:3)
  Terence (D:3)
  An orc wizard (D:3)
  7 gnolls (D:3)
  3 adders
  16 orcs (D:3)
  6 endoplasms
  3 giant cockroaches
  5 goblins
  7 hobgoblins
  15 jackals
  3 kobolds
  5 quokkas
  4 ball pythons
  2 bats
  A frilled lizard (D:2)
  4 rats
87 creatures vanquished.

Vanquished Creatures (others)
  2 plants (D:3)
2 creatures vanquished.

Grand Total: 89 creatures vanquished

Notes
Turn   | Place    | Note
-------+----------+-------------------------------------------
     0 | D:1      | NotreDorf the Merfolk Monk began the quest for the Orb.
     0 | D:1      | Reached XP level 1. HP: 18/18 MP: 1/1
   163 | D:1      | Reached XP level 2. HP: 24/24 MP: 2/2
   482 | D:1      | Reached XP level 3. HP: 28/29 MP: 3/3
   691 | D:2      | Identified the staff of earth "Wibe Qec" {Str+3 Stlth+}
  1346 | D:3      | Reached XP level 4. HP: 33/37 MP: 4/4
  1530 | D:3      | Noticed Terence
  1563 | D:3      | Killed Terence
  1564 | D:3      | Reached skill level 5 in Polearms
  1732 | D:3      | Reached skill level 5 in Dodging
  1787 | D:3      | Reached XP level 5. HP: 37/42 MP: 5/5
  1823 | D:3      | Noticed a kobold brigand
  2002 | D:3      | Reached XP level 6. HP: 26/49 MP: 6/6
  2367 | D:3      | Reached skill level 6 in Polearms
  2389 | D:3      | Asphyxiated

Illustrated notes

Levels and vault maps discovered:
D:1:      tarquinn_simple_flora_water_f, layout_basic, corexii_corridor_pit
D:2:      layout_basic, kennysheep_small_spiral, minmay_cut_off
D:3:      lemuel_castle_with_subvaults [lemuel_castle_interior_original],
          layout_rooms, corexii_leaking_fountain, mrwooster_statue_mirror,
          uniq_terence

Skill      XL: |  1  2  3  4  5  6 |
---------------+-------------------+-----
Stealth        | 3 4 |  4.4
Fighting       | 4 |  4.9
Polearms       | 5 6 |  6.0
Dodging        | 5 |  5.9

Action                     |  1- 3 |  4- 6 || total
---------------------------+-------+-------++-------
  Melee: Spear             |   140 |   236 ||   376
         Punch             |     1 |     4 ||     5
         Tailslap          |       |     9 ||     9
         Trident           |       |    67 ||    67
    Use: Scroll            |       |     1 ||     1
   Stab: Sleeping          |     7 |     1 ||     8
         Distracted        |       |     1 ||     1
 Armour: Robe              |    11 |    14 ||    25
         Leather armour    |       |     8 ||     8
  Dodge: Dodged            |    69 |   154 ||   223

Table legend: (Time is in decaauts)
 A = Elapsed time spent in this place.
 B = Non-inter-level travel time spent in this place.
 C = Inter-level travel time spent in this place.
 D = Time resting spent in this place.
 E = Time spent auto-exploring this place.
 F = Levels seen in this place.
 G = Mean time per level.
                   A        B        C        D        E       F      G
               +--------+--------+--------+--------+--------+-----+--------+
         Total |   2285 |   2243 |     42 |     96 |   1337 |   3 |  761.7 |
       Dungeon |   2285 |   2243 |     42 |     96 |   1337 |   3 |  761.7 |
               +--------+--------+--------+--------+--------+-----+--------+

Top non-repeatable levels by time:
     D:3: 965 daAuts
     D:2: 725 daAuts
     D:1: 593 daAuts
